 Dungeon Crawl Stone Soup version 0.31-a0-1626-g5cb510d322 (webtiles) character file.

Game seed: 15196526562118803443

9178 senseless the Cleaver (level 11, -2/101 HPs)
             Began as a Hill Orc Fighter on Jan 12, 2024.
             Was an Initiate of Gozag.
             Slain by a wyvern (13 damage)
             ... on level 9 of the Dungeon.
             The game lasted 00:20:23 (8326 turns).

senseless the Cleaver (Hill Orc Fighter)            Turns: 8326, Time: 00:20:25

Health: -2/101     AC: 13    Str: 24    XL:     11   Next: 42%
Magic:  11/11      EV:  7    Int:  8    God:    Gozag
Gold:   1253       SH: 15    Dex: 10    Spells: 10/10 levels left

rFire   . . .        u - +4 hand axe
rCold   . . .        l - +0 tower shield
rNeg    . . .        h - +0 chain mail
rPois   +            (no helmet)
rElec   .            o - scarf {repulsion}
rCorr   .            (no gloves)
SInv    .            p - +1 pair of boots
Will    .....        A - amulet of the acrobat Stlth
                     B - ring of poison resistance
HPRegen 0.36/turn    (no ring)
MPRegen 0.12/turn

%: repel missiles, acrobat
@: slowed, very slow
A: no striking features
a: Renounce Religion, Potion Petition, Call Merchant, Bribe Branch


You were on level 9 of the Dungeon.
You worshipped Gozag.
Gozag was most pleased with you.
You visited 1 branch of the dungeon, and saw 9 of its levels.

You collected 1403 gold pieces.
You spent 103 gold pieces at shops.
You paid 47 gold pieces to Gozag.

Inventory:

Hand Weapons
 a - a +0 war axe
 q - a +2 hand axe of electrocution
 u - a +4 hand axe (weapon)
 C - a +1 scimitar of flaming
Armour
 c - a +0 buckler
 h - a +0 chain mail (worn)
 l - a +0 tower shield (worn)
 o - a scarf of repulsion (worn)
 p - a +1 pair of boots (worn)
 v - a +0 cloak
Jewellery
 y - a ring of fire
 A - an amulet of the acrobat (around neck)
 B - a ring of poison resistance (left hand)
Talismans
 b - a serpent talisman
 r - a beast talisman
 t - a blade talisman
Wands
 m - a wand of paralysis (7) (quivered)
Scrolls
 d - a scroll of fog
 w - a scroll of silence
 z - a scroll of revelation
Potions
 e - 2 potions of resistance
 f - 2 potions of curing
 g - a potion of attraction
 i - a potion of magic
 j - a potion of brilliance
 k - a potion of haste
 n - 4 potions of lignification
 s - a potion of mutation
 D - a potion of cancellation
Miscellaneous
 x - a sack of spiders


   Skills:
 + Level 10.3 Fighting
 + Level 10.9 Axes
 + Level 9.5 Armour
 + Level 9.5 Shields
 + Level 6.9 Evocations


You had 10 spell levels left.
You didn't know any spells.
Your spell library contained the following spells:

 Spells                   Type           Power      Damage    Failure   Level
 Kiss of Death            Conj/Necr      0%         2d5       100%        1
 Slow                     Hex            0%         N/A       100%        1
 Blink                    Tloc           0%         N/A       100%        2
 Ensorcelled Hibernation  Hex/Ice        0%         N/A       100%        2
 Lesser Beckoning         Tloc           0%         N/A       100%        2
 Momentum Strike          Conj/Tloc      0%         3d8       100%        2
 Confusing Touch          Hex            0%         N/A       100%        3
 Fugue of the Fallen      Necr           0%         N/A       100%        3
 Ozocubu's Armour         Ice            0%         N/A       100%        3
 Passwall                 Erth           0%         N/A       100%        3
 Sigil of Binding         Hex            0%         N/A       100%        3
 Swiftness                Air            0%         N/A       100%        3
 Vampiric Draining        Necr           0%         2d6       100%        3
 Brom's Barrelling Bould  Conj/Erth      0%         2d3       100%        4
 Dispel Undead            Necr           0%         3d6       100%        4
 Manifold Assault         Tloc           0%         N/A       100%        4
 Fireball                 Conj/Fire      0%         3d3       100%        5
 Iskenderun's Battlesphe  Conj           0%         2d6       100%        5
 Conjure Ball Lightning   Conj/Air       0%         3x3d6     100%        6
 Orb of Destruction       Conj           0%         9d5       100%        7


Dungeon Overview and Level Annotations

Branches:
Dungeon (9/15)             Temple (0/1) D:4
   Lair: D:8-11         Orc: D:9-12

Altars:
Ashenzari
Elyvilon
Fedhas
Gozag
Kikubaaqudgha
Nemelex Xobeh
Sif Muna
Wu Jian

Shops:
D:4 [   D:5 (


Message History

Deactivating autopickup; reactivate with Ctrl-A.
You block the freezing wraith's attack. The freezing wraith closely misses you.
You hit the freezing wraith.
The freezing wraith is heavily damaged.
The freezing wraith hits you but does no damage.
You block the freezing wraith's attack.
You hit the freezing wraith but do no damage.
The freezing wraith is heavily damaged.
The freezing wraith barely misses you. You block the freezing wraith's attack.
You closely miss the freezing wraith.
The freezing wraith is heavily damaged.
The freezing wraith hits you! The freezing wraith freezes you!
The freezing wraith hits you but does no damage.
You hit the freezing wraith but do no damage.
The freezing wraith is heavily damaged.
You block the freezing wraith's attack. x2
You slash the freezing wraith!
The freezing wraith is severely damaged.
A wyvern comes into view.
You block the freezing wraith's attack. The freezing wraith barely misses you.
The wyvern hisses angrily.
You hit the freezing wraith.
The freezing wraith is severely damaged.
The freezing wraith hits you! The freezing wraith freezes you!
The freezing wraith hits you.
* * * LOW HITPOINT WARNING * * *
The freezing wraith drains your vigour!
You feel yourself slow down.
You hit the freezing wraith but do no damage.
The freezing wraith is severely damaged.
You block the freezing wraith's attack. The freezing wraith hits you.
* * * LOW HITPOINT WARNING * * *
You block the wyvern's attack.
You hit the freezing wraith but do no damage.
The freezing wraith is severely damaged.
You barely miss the wyvern. The wyvern bites you!
* * * LOW HITPOINT WARNING * * *
The freezing wraith hits you but does no damage.
You block the freezing wraith's attack. The wyvern bites you!
You die...
Your body crumbles into a pile of gold.

# .....# #. ## #.# #.
......# .# #.....#
#..#...# # .....
..... .!. ... .
###c### .# #.#W#.# ..
###k@.##.###
#.........)#
#.##...##.### ##.
#.#.#.# .. #
###.#####[### #
#.#.##..##...# #
#.#.#..##.#..#..#
#.#.....#.#)).###....
#.###.#)##$.#..#
.#.##


You could see a centaur warrior, a freezing wraith and a wyvern.

Vanquished Creatures
  Erica (D:8)
  A two-headed ogre (D:9)
  A centaur warrior (D:9)
  A deep elf archer (D:9)
  Joseph (D:8)
  A gargoyle (D:8)
  Psyche (D:8)
  3 trolls (D:9)
  Prince Ribbit (D:8)
  3 wyverns
  8 yaks
  2 wraiths (D:9)
  A steam dragon (D:9)
  3 acid dragons (D:9)
  3 water moccasins
  A black bear (D:7)
  An ice beast (D:7)
  An ogre (D:7)
  3 centaurs
  3 phantoms
  2 kobold brigands
  2 gnoll sergeants (D:9)
  5 bullfrogs
  A scorpion (D:5)
  3 wights (D:9)
  7 killer bees
  A howler monkey (D:9)
  A bombardier beetle (D:5)
  4 hounds
  A gnoll bouda (D:7)
  3 orc priests (D:7)
  A sleepcap (D:4)
  6 orc wizards
  An iguana (D:5)
  8 gnolls
  6 adders
  3 shadow imps
  A white imp (D:5)
  3 ribbon worms
  3 dart slugs
  26 orcs
  3 ball pythons
  2 bats
  8 endoplasms
  A giant cockroach (D:2)
  5 goblins
  3 hobgoblins (D:1)
  2 jackals (D:4)
  4 quokkas
  3 frilled lizards
  16 kobolds
  4 rats
179 creatures vanquished.

Notes
Turn   | Place    | Note
-------+----------+-------------------------------------------
     0 | D:1      | senseless the Hill Orc Fighter began the quest for the Orb.
     0 | D:1      | Reached XP level 1. HP: 19/19 MP: 1/1
   210 | D:1      | Reached XP level 2. HP: 27/27 MP: 2/2
   755 | D:2      | Reached XP level 3. HP: 30/33 MP: 3/3
   852 | D:2      | Found a shimmering blue altar of Sif Muna.
  1277 | D:3      | Reached XP level 4. HP: 40/40 MP: 4/4
  1481 | D:3      | Found a faded altar of an unknown god.
  1969 | D:4      | Found Faymo's Antique Armour Boutique.
  1975 | D:4      | Found an opulent altar of Gozag.
  2018 | D:4      | Bought a pair of boots for 103 gold pieces
  2199 | D:4      | Reached XP level 5. HP: 41/47 MP: 5/5
  2286 | D:4      | Became a worshipper of Gozag Ym Sagoz the Greedy
  2304 | D:4      | Found an ornate altar of the Wu Jian Council.
  2484 | D:4      | Found a blossoming altar of Fedhas.
  2486 | D:4      | Found a shimmering blue altar of Sif Muna.
  2486 | D:4      | Found a white marble altar of Elyvilon.
  2570 | D:4      | Found a staircase to the Ecumenical Temple.
  2678 | D:4      | Reached skill level 5 in Fighting
  2678 | D:4      | Reached XP level 6. HP: 43/51 MP: 6/6
  2739 | D:5      | Entered Level 5 of the Dungeon
  2796 | D:5      | Reached skill level 5 in Axes
  2857 | D:5      | Reached skill level 5 in Armour
  2857 | D:5      | Reached skill level 5 in Shields
  2877 | D:5      | Reached XP level 7. HP: 61/61 MP: 7/7
  2929 | D:5      | Found Boineawki's Antique Weapon Shop.
  3627 | D:6      | Reached skill level 1 in Evocations
  3627 | D:6      | Reached XP level 8. HP: 67/70 MP: 8/8
  4110 | D:7      | Found a sparkling altar of Nemelex Xobeh.
  4511 | D:7      | Reached XP level 9. HP: 33/79 MP: 9/9
  5119 | D:7      | Found an ancient bone altar of Kikubaaqudgha.
  5365 | D:8      | Noticed Psyche
  5382 | D:8      | Killed Psyche
  5563 | D:8      | Noticed Joseph
  5825 | D:8      | Killed Joseph
  6125 | D:8      | Reached XP level 10. HP: 52/90 MP: 10/10
  6130 | D:8      | Reached skill level 5 in Evocations
  6470 | D:8      | Noticed Erica
  6470 | D:8      | Noticed a gargoyle
  6471 | D:8      | Paralysed by Erica for 3 turns
  6479 | D:8      | Paralysed by Erica for 2 turns
  6483 | D:8      | Killed a gargoyle
  6484 | D:8      | Killed Erica
  6846 | D:8      | Noticed Prince Ribbit
  6851 | D:8      | Killed Prince Ribbit
  6864 | D:8      | Found a broken altar of Ashenzari.
  7224 | D:9      | Noticed a cyclops
  7399 | D:9      | Reached skill level 10 in Axes
  7488 | D:9      | Noticed a white ugly thing
  7503 | D:9      | Noticed a centaur warrior
  7523 | D:9      | Noticed a purple ugly thing
  7750 | D:9      | Reached XP level 11. HP: 56/99 MP: 11/11
  7877 | D:9      | Noticed a two-headed ogre
  7888 | D:9      | Killed a two-headed ogre
  7889 | D:9      | Reached skill level 10 in Fighting
  8017 | D:9      | Noticed a deep elf archer
  8028 | D:9      | Noticed a centaur warrior
  8047 | D:9      | Killed a centaur warrior
  8068 | D:9      | Killed a deep elf archer
  8326 | D:9      | Slain by a wyvern

Illustrated notes

Levels and vault maps discovered:
D:1:      spicycebolla_arrival_risky_transporter, layout_loops_ring
D:2:      layout_basic, basic_altar
D:3:      layout_loops_ring, nicolae_ecumenical_lake_church
D:4:      layout_basic, grunt_temple_overflow_diamond,
          mainiacjoe_overflow_brackets, lemuel_doored_altar,
          minmay_temple_entry_waves, serial_shops, shop, grunt_tough_drop
D:5:      layout_loops_cross, serial_shops, nicolae_shop_stone
D:6:      hellmonk_ruined_rings, layout_rooms, minmay_between
D:7:      nicolae_cairo_tiling, layout_basic, mainiacjoe_overflow_boulevard,
          nicolae_kikubaaqudgha_miasma_corner, nicolae_zig_zag_zippers
D:8:      layout_basic, lemuel_tele_altar, uniq_psyche, uniq_joseph, uniq_erica,
          uniq_prince_ribbit1
D:9:      minmay_the_grid_square_5x5_4x4 [minmay_the_grid_square_5x5_n,
          minmay_the_grid_square_5x5_shrine2, minmay_the_grid_square_5x5_two,
          minmay_the_grid_square_5x5_broken_cross,
          minmay_the_grid_square_5x5_almost_minimal,
          minmay_the_grid_square_5x5_prize_monsterx,
          minmay_the_grid_square_5x5_prize_deathbox,
          minmay_the_grid_square_5x5_minimal, minmay_the_grid_square_5x5_inset,
          minmay_the_grid_square_5x5_prize_open,
          minmay_the_grid_square_5x5_prize_rear_guard,
          minmay_the_grid_square_5x5_bridge, minmay_the_grid_square_5x5_inner_v,
          minmay_the_grid_square_5x5_gyroscope,
          minmay_the_grid_square_5x5_inverted_slash,
          minmay_the_grid_square_5x5_corner], layout_basic, lair_entry_dummy

Skill      XL: |  1  2  3  4  5  6  7  8  9 10 11 |
---------------+----------------------------------+-----
Axes           | 3 4 5 6 7 8 10 | 10.9
Fighting       | 4 5 6 7 8 9 10 | 10.3
Shields        | 4 5 6 7 9 |  9.5
Armour         | 4 5 6 7 9 |  9.5
Evocations     | 1 3 4 6 |  6.9

Action                     |  1- 3 |  4- 6 |  7- 9 | 10-12 || total
---------------------------+-------+-------+-------+-------++-------
  Melee: War axe           |    77 |   132 |       |       ||   209
         Hand axe          |       |    51 |   279 |   241 ||   571
  Evoke: Wand              |       |       |    13 |     1 ||    14
    Use: Scroll            |     5 |     4 |     9 |     5 ||    23
         Potion            |       |       |     4 |     3 ||     7
   Stab: Distracted        |       |       |     1 |       ||     1
 Armour: Scale mail        |     4 |       |       |       ||     4
         Chain mail        |    46 |   139 |   189 |   167 ||   541
         Skin              |       |       |     7 |       ||     7
  Dodge: Dodged            |    28 |    69 |   115 |    49 ||   261
         Repelled          |       |     3 |       |     2 ||     5
  Block: Buckler           |    14 |    28 |    62 |     2 ||   106
         Tower shield      |       |       |       |   179 ||   179

Table legend: (Time is in decaauts)
 A = Elapsed time spent in this place.
 B = Non-inter-level travel time spent in this place.
 C = Inter-level travel time spent in this place.
 D = Time resting spent in this place.
 E = Time spent auto-exploring this place.
 F = Levels seen in this place.
 G = Mean time per level.
                   A        B        C        D        E       F      G
               +--------+--------+--------+--------+--------+-----+--------+
         Total |   8448 |   8235 |    213 |    313 |   6285 |   9 |  938.7 |
       Dungeon |   8448 |   8235 |    213 |    313 |   6285 |   9 |  938.7 |
               +--------+--------+--------+--------+--------+-----+--------+

Top non-repeatable levels by time:
     D:8: 1971 daAuts
     D:7: 1226 daAuts
     D:9: 1059 daAuts
     D:4: 860 daAuts
     D:3: 856 daAuts
     D:5: 803 daAuts
     D:1: 664 daAuts
     D:6: 571 daAuts
     D:2: 435 daAuts
